General information
			
			
        
        - name: grudge3
 
        - type: Custom game
 
        - host: TALONSAREIMBA
 
        - saver: TIMG4STRok
 
        
map: TwistedMeadows 
        - players: 7
 
        - length: 22:21
 
        - speed: Fast
 - version: 1.22 W3XP
 - replay type:  

 
» download(211 KB)
Players
        team 1 (winner) 
              
              
TALONSAREIMBA (
pink | 126 APM | 2812 actions | 22:20)
              
 5 Death Knight 
 3 Death Coil
 2 Unholy Aura
 3 Lich 
 2 Frost Nova
 1 Frost Armor
 
                » actions 
                
                | Assign group hotkey | 27 |  | 
| Basic commands | 221 |  | 
| Build / train | 61 |  | 
| Enter build submenu | 17 |  | 
| Enter hero's abilities submenu | 8 |  | 
| Right click | 1222 |  | 
| Select / deselect | 597 |  | 
| Select group hotkey | 573 |  | 
| Use ability | 86 |  | 
                2812 total
 » units 
                
                | Acolyte | 7 |  | 
| Ghoul | 2 |  | 
| Crypt Fiend | 9 |  | 
| Frost Wyrm | 3 |  | 
| Meatwagon | 4 |  | 
                25 total
 » upgrades
                
                | Burrow | 1 |  | 
| Web | 1 |  | 
| Unholy Strength | 2 |  | 
                4 total
 » buildings
                
                | Crypt | 1 |  | 
| Graveyard | 1 |  | 
| Altar of Darkness | 1 |  | 
| Ziggurat | 9 |  | 
| Tomb of Relics | 1 |  | 
| Nerubian Tower | 1 |  | 
| Halls of the Dead | 1 |  | 
| Black Citadel | 1 |  | 
| Sacrificial Pit | 1 |  | 
| Boneyard | 1 |  | 
| Spirit Tower | 2 |  | 
| Slaughterhouse | 1 |  | 
                21 total
 » build order
                00:05 Crypt
00:17 Graveyard
00:40 Altar of Darkness
00:55 Ziggurat
01:20 Tomb of Relics
01:59 Ziggurat
02:08 Nerubian Tower
04:26 Halls of the Dead
04:38 Ziggurat
06:05 Ziggurat
06:07 Ziggurat
07:22 Black Citadel
08:50 Sacrificial Pit
09:49 Boneyard
10:11 Spirit Tower
13:23 Ziggurat
13:40 Spirit Tower
15:03 Slaughterhouse
18:58 Ziggurat
19:02 Ziggurat
19:04 Ziggurat
» items
                
                | Rod of Necromancy | 2 |  | 
| Scroll of Town Portal | 8 |  | 
| Potion of Mana | 4 |  | 
| Orb of Corruption | 1 |  | 
| Potion of Healing | 2 |  | 
                17 total
  
               
              
              
» 
TIMG4STRok (
gray | 148 APM | 3304 actions | 22:21)
              
 5 Death Knight 
 3 Death Coil
 2 Unholy Aura
 4 Lich 
 2 Frost Nova
 2 Frost Armor
 3 Crypt Lord 
 2 Impale
 1 Spiked Carapace
 
                » actions 
                
                | Assign group hotkey | 34 |  | 
| Basic commands | 74 |  | 
| Build / train | 77 |  | 
| ESC pressed | 5 |  | 
| Enter build submenu | 25 |  | 
| Enter hero's abilities submenu | 12 |  | 
| Give item / drop item | 3 |  | 
| Remove unit from queue | 1 |  | 
| Right click | 1564 |  | 
| Select / deselect | 322 |  | 
| Select group hotkey | 1067 |  | 
| Use ability | 120 |  | 
                3304 total
 » units 
                
                | Acolyte | 19 |  | 
| Ghoul | 3 |  | 
| Crypt Fiend | 10 |  | 
| Goblin Zeppelin | 1 |  | 
| Forest Troll Shadow Priest | 1 |  | 
| Obsidian Statue | 4 |  | 
| Abomination | 2 |  | 
                40 total
 » upgrades
                
                | Creature Attack | 2 |  | 
| Burrow | 1 |  | 
| Web | 0 |  | 
| Destroyer Form | 1 |  | 
| Disease Cloud | 1 |  | 
| Creature Carapace | 1 |  | 
                6 total
 » buildings
                
                | Graveyard | 1 |  | 
| Crypt | 1 |  | 
| Ziggurat | 11 |  | 
| Altar of Darkness | 1 |  | 
| Tomb of Relics | 1 |  | 
| Nerubian Tower | 2 |  | 
| Halls of the Dead | 1 |  | 
| Necropolis | 3 |  | 
| Black Citadel | 1 |  | 
| Slaughterhouse | 2 |  | 
| Spirit Tower | 3 |  | 
                27 total
 » build order
                00:07 Graveyard
00:10 Crypt
00:39 Ziggurat
01:00 Altar of Darkness
01:26 Tomb of Relics
02:01 Ziggurat
02:13 Nerubian Tower
04:14 Halls of the Dead
04:53 Ziggurat
07:08 Necropolis
08:10 Ziggurat
10:04 Black Citadel
10:35 Slaughterhouse
10:36 Slaughterhouse
10:50 Ziggurat
10:50 Ziggurat
11:38 Spirit Tower
11:39 Spirit Tower
12:34 Necropolis
12:37 Ziggurat
12:40 Ziggurat
12:42 Ziggurat
12:48 Ziggurat
14:41 Spirit Tower
14:41 Nerubian Tower
19:42 Ziggurat
21:06 Necropolis
» items
                
                | Rod of Necromancy | 1 |  | 
| Scroll of Town Portal | 5 |  | 
| Potion of Healing | 1 |  | 
| Orb of Corruption | 1 |  | 
                8 total
  
               team 2 (loser) 
              
              
greedoFthenoob (
green | 69 APM | 1552 actions | 22:20)
              
 4 Archmage 
 2 Summon Water Elemental
 2 Brilliance Aura
 3 Mountain King 
 2 Storm Bolt
 1 Thunder Clap
 
                » actions 
                
                | Assign group hotkey | 41 |  | 
| Basic commands | 44 |  | 
| Build / train | 84 |  | 
| ESC pressed | 3 |  | 
| Enter build submenu | 20 |  | 
| Enter hero's abilities submenu | 7 |  | 
| Give item / drop item | 3 |  | 
| Right click | 596 |  | 
| Select / deselect | 457 |  | 
| Select group hotkey | 208 |  | 
| Use ability | 89 |  | 
                1552 total
 » units 
                
                | Peasant | 18 |  | 
| Footman | 7 |  | 
| Rifleman | 7 |  | 
| Sorceress | 3 |  | 
| Mortar Team | 2 |  | 
| Priest | 5 |  | 
| Forest Troll Shadow Priest | 1 |  | 
| Siege Engine | 7 |  | 
                50 total
 » upgrades
                
                | Defend | 1 |  | 
| Barrage | 1 |  | 
| Long Rifles | 1 |  | 
| Priest Training | 2 |  | 
                5 total
 » buildings
                
                | Altar of Kings | 1 |  | 
| Barracks | 1 |  | 
| Farm | 8 |  | 
| Scout Tower | 2 |  | 
| Arcane Tower | 2 |  | 
| Arcane Vault | 1 |  | 
| Keep | 1 |  | 
| Blacksmith | 1 |  | 
| Arcane Sanctum | 1 |  | 
| Workshop | 1 |  | 
| Castle | 1 |  | 
| Town Hall | 2 |  | 
| Lumber Mill | 1 |  | 
                23 total
 » build order
                00:06 Altar of Kings
00:18 Barracks
00:33 Farm
00:38 Farm
01:43 Scout Tower
01:56 Farm
02:22 Arcane Tower
03:07 Farm
03:13 Arcane Vault
04:22 Keep
04:58 Blacksmith
05:16 Farm
06:52 Scout Tower
07:12 Arcane Sanctum
07:18 Workshop
07:27 Arcane Tower
07:34 Castle
07:48 Farm
11:41 Farm
12:12 Farm
12:37 Town Hall
19:12 Lumber Mill
19:17 Town Hall
» items
                
                | Boots of Speed | 1 |  | 
| Scroll of Regeneration | 2 |  | 
| Scroll of Town Portal | 4 |  | 
| Scroll of Healing | 1 |  | 
| Orb of Fire | 1 |  | 
| Potion of Healing | 3 |  | 
                12 total
  
               
              
              
JimmiC (
blue | 46 APM | 1018 actions | 22:14)
              
 3 Demon Hunter 
 2 Mana Burn
 1 Evasion
 3 Naga Sea Witch 
 2 Frost Arrows
 1 Forked Lightning
 
                » actions 
                
                | Assign group hotkey | 13 |  | 
| Basic commands | 41 |  | 
| Build / train | 65 |  | 
| ESC pressed | 1 |  | 
| Enter build submenu | 13 |  | 
| Enter hero's abilities submenu | 6 |  | 
| Give item / drop item | 5 |  | 
| Right click | 419 |  | 
| Select / deselect | 379 |  | 
| Select group hotkey | 6 |  | 
| Use ability | 70 |  | 
                1018 total
 » units 
                
                | Wisp | 18 |  | 
| Archer | 4 |  | 
| Dryad | 11 |  | 
| Druid of the Claw | 5 |  | 
                38 total
 » upgrades
                
                | Improved Bows | 1 |  | 
| Abolish Magic | 1 |  | 
| Druid of the Claw Training | 2 |  | 
                4 total
 » buildings
                
                | Altar of Elders | 1 |  | 
| Moon Well | 6 |  | 
| Ancient of War | 1 |  | 
| Tree of Ages | 1 |  | 
| Hunter's Hall | 1 |  | 
| Ancient of Lore | 2 |  | 
| Tree of Eternity | 1 |  | 
| Ancient of Wonders | 1 |  | 
                14 total
 » build order
                00:10 Altar of Elders
00:18 Moon Well
01:42 Ancient of War
01:45 Moon Well
02:25 Tree of Ages
02:41 Moon Well
02:51 Hunter's Hall
04:55 Ancient of Lore
05:19 Ancient of Lore
07:11 Moon Well
09:45 Tree of Eternity
10:38 Moon Well
15:46 Ancient of Wonders
17:39 Moon Well
» items
                
                | Boots of Speed | 1 |  | 
| Scroll of Town Portal | 7 |  | 
| Scroll of Healing | 2 |  | 
| Potion of Lesser Invulnerability | 2 |  | 
| Orb of Venom | 1 |  | 
                13 total
  
               observerskunt.roII, 
royceroyce2001, 
observati Chat log
          (00:13 / Allies) TIMG4STRok: lmao
(00:25 / All) greedoFthenoob: YOUR MOM'S MAP
(00:26 / All) TALONSAREIMBA: What map u want turk
(00:27 / All) TALONSAREIMBA: U mad?!
(00:34 / All) TALONSAREIMBA: Map : u mad
(01:04 / Allies) TIMG4STRok: mad
(01:05 / All) TIMG4STRok: madn
(01:11 / All) TALONSAREIMBA: U mad : map
(02:16 / All) TALONSAREIMBA: JimmiC u mad?
(02:18 / All) TALONSAREIMBA: ?:)
(02:22 / All) JimmiC: at what?
(02:29 / All) TALONSAREIMBA: U chill?
(02:35 / All) TALONSAREIMBA: ?:(
(03:16 / All) TALONSAREIMBA: sweet harass
(03:23 / All) greedoFthenoob: manner
(04:07 / All) TALONSAREIMBA: IM SO MAD - TRUK
(04:14 / All) TALONSAREIMBA: rofl
(04:16 / All) TALONSAREIMBA: quit this game
(04:45 / All) TALONSAREIMBA: u use your tp yet blue
(08:07 / All) TALONSAREIMBA: vent hack more
(09:37 / All) TALONSAREIMBA: nope
(10:38 / All) TALONSAREIMBA: scout farm posistion flawless
(11:19 / All) greedoFthenoob: dead
(11:34 / Allies) TALONSAREIMBA: tower
(11:34 / Allies) TALONSAREIMBA: up
(11:42 / Allies) TALONSAREIMBA: ill delay
(13:14 / Allies) TALONSAREIMBA: buy tp
(14:14 / Allies) TALONSAREIMBA: out
(15:30 / Allies) TIMG4STRok: tp
(18:30 / Allies) TALONSAREIMBA: tp
(18:36 / Allies) TALONSAREIMBA: tp
(18:47 / Allies) TIMG4STRok: share
(18:47 / Allies) TIMG4STRok: nigger
(18:49 / Allies) TALONSAREIMBA: gonna hall this d00d
(18:50 / Allies) TIMG4STRok: so i can coil myself
(18:54 / Allies) TALONSAREIMBA: no mana fool
(19:26 / Allies) TALONSAREIMBA: gone
(20:22 / All) TALONSAREIMBA: u mad turk
(20:56 / All) TALONSAREIMBA: sunnuva bitch is mad
(22:08 / All) TALONSAREIMBA: u guys mad
(22:08 / All) greedoFthenoob: w/e
(22:14 / All) greedoFthenoob: anyone can win the lottery